 Dungeon Crawl Stone Soup version 0.30-b1-2-g02819fbbbe (webtiles) character file.

Game seed: 16713884711574674841

291 sanka the Spear-Bearer (level 6, -2/44 HPs)
             Began as a Merfolk Reaver on May 7, 2023.
             Was an Initiate of Okawaru.
             Slain by a wyvern zombie (7 damage)
             ... in an ossuary.
             The game lasted 00:06:46 (3233 turns).

sanka the Spear-Bearer (Merfolk Reaver)             Turns: 3233, Time: 00:06:46

Health: -2/44      AC:  3    Str: 12    XL:     6   Next: 32%
Magic:  7/9        EV: 12    Int: 12    God:    Okawaru [......]
Gold:   175        SH:  0    Dex: 15    Spells: 6/9 levels left

rFire   . . .        a - +0 spear
rCold   . . .        (no shield)
rNeg    . . .        b - +0 leather armour
rPois   .            (no helmet)
rElec   .            (no cloak)
rCorr   .            (no gloves)
SInv    .            (no boots)
Will    .....        q - amulet of the acrobat
Stlth   +            (no ring)
HPRegen 0.27/turn    (no ring)
MPRegen 0.11/turn

%: acrobat
@: no status effects
A: (nimble swimmer 2), mertail
a: Renounce Religion


You were in an ossuary.
You worshipped Okawaru.
Okawaru was noncommittal.
You visited 1 branch of the dungeon, and saw 4 of its levels.
You also visited: Ossuary.

You collected 175 gold pieces.

Inventory:

Hand Weapons
 a - a +0 spear (weapon)
Armour
 b - a +0 leather armour (worn)
Jewellery
 q - an amulet of the acrobat (around neck)
Wands
 i - a wand of polymorph (4)
 l - a wand of roots (3)
Scrolls
 d - 4 scrolls of butterflies {unknown}
 f - 2 scrolls of teleportation {unknown}
 g - 3 scrolls of vulnerability {unknown}
 j - a scroll of enchant armour {unknown}
 k - 2 scrolls of blinking {unknown}
 o - a scroll of identify {unknown}
 p - a scroll of fog {unknown}
 r - a scroll of brand weapon {unknown}
 s - a scroll of immolation {unknown}
Potions
 c - a potion of heal wounds {unknown}
 e - a potion of brilliance {unknown}
 h - a potion of haste {unknown}
 m - a potion of attraction {unknown}
 n - 2 potions of resistance {unknown}
 t - a potion of lignification {unknown}


   Skills:
 - Level 2.1 Fighting
 + Level 9.1 Polearms
 - Level 2.6 Dodging
 - Level 2.0 Spellcasting
 - Level 2.4 Conjurations


You had 6 spell levels left.
You knew the following spells:

 Your Spells              Type           Power      Damage    Failure   Level
a - Kiss of Death         Conj/Necr      16%        2d6       22%         1
b - Momentum Strike       Conj/Tloc      8%         3d8       32%         2

Your spell library contained the following spells:

 Spells                   Type           Power      Damage    Failure   Level
 Cigotuvi's Dreadful Rot  Necr/Pois/Air  2%         N/A       45%         2
 Hailstorm                Conj/Ice       4%         3d4       54%         3
 Ignite Poison            Fire/Tmut/Pois 1%         N/A       71%         3
 Freezing Cloud           Conj/Ice/Air   1%         6-21      100%        5


Dungeon Overview and Level Annotations

Branches:
Dungeon (4/15)            Ossuary (1/1)
 Temple: D:4-7

Altars:
Okawaru

Shops:
D:3 [

Annotations:
D:2 Sigmund
D:3 1 runed translucent door, Crazy Yiuf


Innate Abilities, Weirdness & Mutations

((You are very nimble when in or above water. (Stealth+, EV+, Speed+++)))
Your lower body shifts to a powerful aquatic tail in water.


Message History

Aim: a wyvern zombie (lightly damaged, 89% to hit)
The concentrated momentum hits the wyvern zombie!
The wyvern zombie is moderately damaged.
You are unable to move.
The wyvern zombie barely misses you.
You hit the wyvern zombie.
The wyvern zombie is heavily damaged.
The wyvern zombie barely misses you.
You hit the wyvern zombie.
The wyvern zombie is heavily damaged.
The wyvern zombie misses you.
You hit the wyvern zombie.
The wyvern zombie is heavily damaged.
The wyvern zombie bites you.
You hit the wyvern zombie but do no damage.
The wyvern zombie is heavily damaged.
The wyvern zombie barely misses you.
You hit the wyvern zombie.
The wyvern zombie is severely damaged.
The wyvern zombie bites you.
You hit the wyvern zombie.
The wyvern zombie is severely damaged.
You hit the wyvern zombie.
The wyvern zombie is severely damaged.
You are no longer robbed of momentum.
The wyvern zombie barely misses you.
You barely miss the wyvern zombie.
The wyvern zombie is severely damaged.
The wyvern zombie bites you!
* * * LOW HITPOINT WARNING * * *
You hit the wyvern zombie.
The wyvern zombie is almost destroyed.
The wyvern zombie bites you.
* * * LOW HITPOINT WARNING * * *
You hit the wyvern zombie but do no damage.
The wyvern zombie is almost destroyed.
The wyvern zombie closely misses you.
You hit the wyvern zombie.
The wyvern zombie is almost destroyed.
The wyvern zombie bites you!
You die...

# #######
#.#.#.#.#
#+#+#'#'#'#'#+#
+.............+
.##+##'##Z##.#
#.#@..# ###.∩.#
#∩..# #####


You could see a wyvern zombie.

Vanquished Creatures
  A scorpion (D:3)
  An orc wizard (D:3)
  Terence (D:2)
  3 mummies (Ossuary)
  2 howler monkey zombies (Ossuary)
  6 adders
  3 worms
  An orc (D:4)
  5 bats
  8 endoplasms
  2 giant cockroaches
  6 goblins
  5 hobgoblins
  2 quokkas
  7 ball pythons
  3 frilled lizards
  4 kobolds
  4 rats
64 creatures vanquished.

Vanquished Creatures (others)
  A fungus (D:3)
  8 withered plants (Ossuary)
9 creatures vanquished.

Grand Total: 73 creatures vanquished

Notes
Turn   | Place    | Note
-------+----------+-------------------------------------------
     0 | D:1      | sanka the Merfolk Reaver began the quest for the Orb.
     0 | D:1      | Reached XP level 1. HP: 16/16 MP: 3/3
   152 | D:1      | Found a faded altar of an unknown god.
   187 | D:1      | Reached XP level 2. HP: 22/22 MP: 5/5
   507 | D:1      | Reached skill level 5 in Polearms
   850 | D:2      | Noticed Terence
   907 | D:2      | Killed Terence
   908 | D:2      | Reached XP level 3. HP: 24/27 MP: 6/6
   955 | D:2      | Reached skill level 6 in Polearms
  1183 | D:2      | Reached XP level 4. HP: 29/33 MP: 7/7
  1365 | D:1      | Learned a level 2 spell: Momentum Strike
  1527 | D:2      | Noticed Sigmund
  2052 | D:3      | Noticed a scorpion
  2082 | D:3      | Killed a scorpion
  2083 | D:3      | Reached skill level 7 in Polearms
  2083 | D:3      | Reached XP level 5. HP: 26/38 MP: 3/8
  2332 | D:3      | Found Maluamo's Armour Boutique.
  2369 | D:3      | Reached skill level 8 in Polearms
  2398 | D:3      | Found an iron altar of Okawaru.
  2437 | D:3      | Became a worshipper of Warmaster Okawaru
  2772 | D:3      | Found a runed translucent door.
  2773 | D:3      | Noticed Crazy Yiuf
  2826 | D:4      | Reached XP level 6. HP: 44/44 MP: 9/9
  2915 | D:4      | Noticed a black bear
  3032 | D:4      | Found a sand-covered staircase.
  3040 | Ossuary  | Entered an ossuary
  3133 | Ossuary  | Reached skill level 9 in Polearms
  3233 | Ossuary  | Slain by a wyvern zombie

Illustrated notes

Levels and vault maps discovered:
D:1:      pf_arrival_petrified_forest, layout_loops_ring,
          chequers_ecumenical_altar_simple_redux
D:2:      layout_loops_ring, uniq_terence, uniq_sigmund
D:3:      layout_basic, mainiacjoe_overflow_brackets, serial_shops, shop,
          hangedman_abyss_or_decor_stabs, minmay_randomly_rotated_circles,
          uniq_crazy_yiuf_cottage
D:4:      layout_loops_ring, mainiacjoe_overflow_divided_tiny,
          chequers_ossuary_entry_cave, serial_shops,
          nicolae_shop_industrial_runoff, minmay_bisected
Ossuary:  ossuary_zaba_flooded

Skill      XL: |  1  2  3  4  5  6 |
---------------+-------------------+-----
Polearms       | 5 6 7 8 9 |  9.1
Fighting       | |  2.1
Dodging        | |  2.6
Spellcasting   | |  2.0
Conjurations   | |  2.4

Action                     |  1- 3 |  4- 6 || total
---------------------------+-------+-------++-------
  Melee: Spear             |    83 |   250 ||   333
         Unarmed           |     8 |       ||     8
         Punch             |       |     2 ||     2
   Cast: Momentum Strike   |       |     5 ||     5
   Stab: Sleeping          |       |     2 ||     2
         Distracted        |       |     1 ||     1
 Armour: Leather armour    |     6 |    21 ||    27
         Skin              |     1 |       ||     1
  Dodge: Dodged            |    29 |    82 ||   111
